[Event "Karnataka State Open-ch 2018"]
[Site "Bengaluru"]
[Date "2018.04.18"]
[Round "10"]
[White "Rakshith R, Umesh"]
[Black "Kalki Eshwar D"]
[Result "1-0"]
[ECO "A48"]
[WhiteElo "1728"]
[BlackElo "1515"]
[Annotator "NA RC"]
[PlyCount "115"]
[EventDate "2018.??.??"]
[EventType "swiss"]
[EventCountry "IND"]
[SourceTitle "playchess.com"]
[Source "ChessBase"]
[SourceQuality "1"]
[TimeControl "5400+30"]

1. d4 Nf6 2. Nf3 g6 3. Bf4 Bg7 4. e3 d6 5. h3 O-O 6. Be2 c5 7. c3 Nc6 8. dxc5 dxc5 9. Qxd8 Rxd8 10. Nbd2 b6 11. Ne5 Nxe5 12. Bxe5 Bb7 13. Bf3 Bxf3 14. gxf3 Nd5 15. Bxg7 Kxg7 16. a4 Nc7 17. O-O-O a6 18. Nc4 Nd5 19. Rxd5 Rxd5 20. Nxb6 Rad8 21. Nxd5 Rxd5 22. b4 cxb4 23. cxb4 Rf5 24. f4 e5 25. Rd1 exf4 26. e4 Re5 27. f3 Rh5 28. Rh1 Rg5 29. h4 Rg2 30. b5 axb5 31. axb5 Ra2 32. Rd1 Ra8 33. Kc2 Rb8 34. Rd5 Kf6 35. Kc3 h6 36. Kc4 Ke6 37. Kc5 Rc8+ 38. Kd4 Rb8 39. e5 Rb6 40. Rc5 f6 41. exf6 Kd7 42. f7 Ke7 43. Rc7+ Kf8 44. Kc5 Rb8 45. b6 g5 46. hxg5 hxg5 47. b7 g4 48. Rc8+ Kxf7 49. Rxb8 gxf3 50. Rf8+ Kxf8 51. b8=Q+ Kg7 52. Qxf4 f2 53. Qxf2 Kg6 54. Kd5 Kg5 55. Ke5 Kg4 56. Qg2+ Kh4 57. Kf4 Kh5 58. Qg5# 1-0

[Event "Karnataka State Open-ch 2018"]
[Site "Bengaluru"]
[Date "2018.04.18"]
[Round "10"]
[White "Anand Vittal T R"]
[Black "Manjunath, J.."]
[Result "0-1"]
[ECO "D02"]
[WhiteElo "1624"]
[BlackElo "1986"]
[Annotator "NA RC"]
[PlyCount "66"]
[EventDate "2018.??.??"]
[EventType "swiss"]
[EventCountry "IND"]
[SourceTitle "playchess.com"]
[Source "ChessBase"]
[SourceQuality "1"]
[TimeControl "5400+30"]

1. d4 Nf6 2. Nf3 d5 3. Bf4 c5 4. e3 Nc6 5. c3 Qb6 6. Qc1 Bf5 7. Nbd2 {[%emt 0:01:37] LiveBook: 62 Games} e6 8. Ne5 {[%emt 0:03:10] D02: 1 d4 d5 2 Nf3 sidelines, including 2...Nf6 3 g3 and 2...Nf6 3 Bf4} (8. a4 a6 9. Be2 Rc8 10. O-O Be7 11. a5 Qd8 12. dxc5 Bxc5 13. Nb3 Be7 14. Nbd4 Bg4 15. Nxc6 Rxc6 {1-0 (59) Firouzja,A (2499)-Wen,Y (2617) Bandar e Anzali 2017}) 8... Rc8 9. Nxc6 Qxc6 $146 ({Find the theoretical novelty and annotate with similar games:} 9... bxc6 10. Be2 cxd4 11. exd4 c5 12. dxc5 Bxc5 13. O-O O-O 14. Nb3 Bd6 {0-1 (44) Borda,A (2145)-Lekic,D (2402) Basel 2012}) 10. a4 a6 11. Nf3 Bd6 12. Ne5 Qc7 13. Be2 h6 14. Bg3 Ne4 15. f4 (15. Nf3 $15) 15... Bxe5 16. fxe5 Nxg3 17. hxg3 f6 18. exf6 (18. g4 $17 Be4 19. exf6) 18... Qxg3+ 19. Kd2 {[%emt 0:00:10] [#]} cxd4 $1 ({Resist} 19... gxf6 20. dxc5 Rxc5 21. Qe1 $17) ({Not} 19... Qxg2 20. Rg1 $11) 20. exd4 {[%emt 0:02:29] [#]} Qg5+ $1 ({Resist} 20... gxf6 21. Bf3) 21. Ke1 Qxg2 22. Rf1 Qg3+ 23. Kd1 gxf6 24. Rxf5 exf5 25. Kc2 Rc7 26. Kb3 (26. Qh1 {was called for.}) 26... Re7 27. Bh5+ Kd7 28. Qh1 Kc6 29. Rg1 Qd3 30. Rg6 Rf8 31. Bf3 $2 (31. Bd1 {nothing else works.}) 31... Qc4+ 32. Ka3 b5 33. Qxh6 Qxa4# 0-1

[Event "Karnataka State Open-ch 2018"]
[Site "Bengaluru"]
[Date "2018.04.18"]
[Round "10"]
[White "Kaushik G Iyer"]
[Black "Reetish, Padhi"]
[Result "1-0"]
[ECO "A40"]
[WhiteElo "1586"]
[BlackElo "1915"]
[Annotator "NA RC"]
[PlyCount "69"]
[EventDate "2018.??.??"]
[EventType "swiss"]
[EventCountry "IND"]
[SourceTitle "playchess.com"]
[Source "ChessBase"]
[SourceQuality "1"]
[TimeControl "5400+30"]

1. d4 b6 2. c4 Bb7 3. Nf3 e6 4. g3 Bb4+ 5. Bd2 Bxf3 {[%emt 0:02:29] A40: Unusual replies to 1 d4} 6. exf3 Bxd2+ 7. Nxd2 ({Of course not} 7. Kxd2 Qf6 $15) (7. Qxd2 Nc6 8. f4 Qf6 9. d5 Nd4 10. Bg2 Rd8 11. Nc3 c5 12. O-O-O Nh6 13. Ne4 Qe7 14. Rhe1 Nhf5 15. Qc3 {0-1 (62) Aronian,L (2805)-Rapport,R (2707) Riadh 2017}) 7... Nf6 {[%emt 0:00:50] LiveBook: 4 Games} 8. Bg2 O-O 9. O-O Nc6 10. f4 d5 11. Nf3 Ne7 $146 ({Predecessor:} 11... Ne4 12. Ne5 Nxe5 13. fxe5 {1-0 (40) Gaede,D (2282)-Menzel,R (2208) Germany 2017}) 12. Ne5 Rc8 13. c5 bxc5 14. dxc5 Qe8 15. b4 Rb8 16. Rb1 Nd7 17. Nxd7 Qxd7 18. a4 a6 19. Rb2 Nc6 20. Qd2 a5 21. b5 Nb4 22. Rxb4 axb4 23. Qxb4 Rfd8 24. Rb1 c6 25. b6 d4 26. a5 d3 27. a6 d2 28. Rd1 h6 29. h4 Qd3 30. a7 Ra8 31. Rxd2 Qxd2 32. Qxd2 Rxd2 33. Bxc6 $18 Rdd8 34. Bxa8 Rxa8 35. b7 1-0

[Event "Karnataka State Open-ch 2018"]
[Site "Bengaluru"]
[Date "2018.04.18"]
[Round "10"]
[White "Shree Krishna Pranama"]
[Black "Sridharan Ramanathan"]
[Result "1-0"]
[ECO "E97"]
[WhiteElo "1572"]
[BlackElo "1997"]
[Annotator "NA RC"]
[PlyCount "113"]
[EventDate "2018.??.??"]
[EventType "swiss"]
[EventCountry "IND"]
[SourceTitle "playchess.com"]
[Source "ChessBase"]
[SourceQuality "1"]
[TimeControl "5400+30"]

1. d4 Nf6 2. c4 g6 3. Nc3 Bg7 4. Nf3 d6 5. e4 O-O 6. Be2 e5 7. O-O Nc6 8. d5 Ne7 9. b4 Ne8 10. c5 {[%emt 0:00:02] LiveBook: 260 Games} f5 11. Nd2 f4 12. Bg4 Nf6 13. Bxc8 Rxc8 14. f3 (14. Ba3 $16) 14... g5 (14... c6 $11) 15. a4 h5 16. Ba3 g4 17. b5 Ng6 18. Qe1 Rf7 19. Nc4 Bf8 20. Na5 Rb8 $1 21. Nb3 Rg7 22. a5 Nh7 23. Na4 {[%emt 0:09:28] [#]} (23. Kh1 $15) 23... Qg5 ({Better is} 23... gxf3 $1 $19 24. Rxf3 Nh4) 24. Ra2 gxf3 25. Rxf3 Nh4 26. Rff2 Nf6 27. h3 $2 (27. Kh1 $17) 27... Qg3 28. Qc3 Qxf2+ $2 (28... f3 $19 29. cxd6 Nxe4 30. dxc7 Rc8) 29. Rxf2 Nxe4 30. Qc4 Nxf2 31. Kxf2 Rxg2+ 32. Kf1 $2 {[%emt 0:00:08] [#]} (32. Ke1 $11) 32... Nf5 $1 33. Bc1 $2 (33. Qc3 Rg3 34. Qb4 Ne3+ 35. Kf2) 33... f3 34. Ke1 f2+ 35. Kf1 Rh2 36. Bf4 {[%emt 0:02:24] [#]} ({Wrong is} 36. Qd3 $2 {[#]} e4 $1 ) 36... exf4 $2 (36... Re8 $1 $19 37. Bxh2 Ne3+ 38. Kxf2 Nxc4) 37. Qxf4 Re8 $2 (37... Rh1+ $1 $11 {and Black is okay.} 38. Kxf2 Bh6) 38. Qxh2 Re3 39. Kxf2 Rxb3 40. Qg1+ Ng3 41. Qd1 $2 (41. b6 $18 {and White stays clearly on top.} axb6 42. axb6 cxb6 43. c6) 41... Ne4+ {[%emt 0:00:13] [#]} 42. Kg2 (42. Ke2 $1 $16 Rxh3 43. b6 axb6 44. axb6 cxb6 45. c6) 42... Rg3+ 43. Kh2 $2 {[%emt 0:00:16] [#]} ({White must play} 43. Kf1 $11 Rxh3 $1 $11 44. Qc2 Rf3+ 45. Kg1 Rg3+ 46. Kh2 Rg4) 43... Rxh3+ $2 (43... Bg7 $1 $19 44. Qe1 (44. Qxh5 $2 Be5 $19) 44... Be5) 44. Kg2 Rg3+ 45. Kf1 Rg4 $2 ({Don't play} 45... dxc5 $6 46. d6 $16) 46. c6 (46. b6 $142 axb6 47. c6 bxc6 48. axb6 Rf4+ 49. Ke1 cxb6 50. dxc6) 46... bxc6 $2 (46... b6 $16) 47. dxc6 Rf4+ 48. Kg1 Bg7 49. Qd5+ Kf8 50. b6 Rg4+ 51. Kf1 Rf4+ 52. Ke1 axb6 53. axb6 Nf6 54. Qd2 (54. Qe6 $142 Ne8 55. bxc7) 54... Re4+ 55. Kf1 cxb6 56. Qxd6+ Kg8 57. c7 $18 1-0

[Event "Karnataka State Open-ch 2018"]
[Site "Bengaluru"]
[Date "2018.04.18"]
[Round "10"]
[White "Gajanan D"]
[Black "Malla, Nooka Raju"]
[Result "0-1"]
[ECO "D04"]
[WhiteElo "1538"]
[BlackElo "1969"]
[Annotator "NA RC"]
[PlyCount "96"]
[EventDate "2018.??.??"]
[EventType "swiss"]
[EventCountry "IND"]
[SourceTitle "playchess.com"]
[Source "ChessBase"]
[SourceQuality "1"]
[TimeControl "5400+30"]

1. d4 d5 2. Nf3 Nf6 3. e3 Bg4 4. Be2 e6 5. O-O {[%emt 0:00:51] LiveBook: 11 Games} Be7 {[%emt 0:02:03] D04: Colle System} (5... c5 6. b3 Nc6 7. Bb2 cxd4 8. Nxd4 Bxe2 9. Qxe2 Rc8 10. Rc1 Be7 11. c4 O-O 12. Nd2 Qa5 13. Nxc6 Rxc6 14. e4 dxc4 15. Nxc4 {0-1 (50) Saric,S (2401)-Kadric,D (2470) Bol 2013}) 6. Nbd2 O-O 7. Ne5 Bxe2 8. Qxe2 Nbd7 9. f4 c5 10. c3 Qc7 11. Rf3 Rfe8 $146 ({Predecessor:} 11... Ne4 12. Nxe4 dxe4 13. Rh3 Nxe5 14. fxe5 g6 15. Bd2 b5 {½-½ (26) Joyce,J (2205)-Cafolla,P (2070) Dublin 1997}) 12. Rh3 Bf8 13. Ndf3 Ne4 14. Nxd7 Qxd7 15. Bd2 Nf6 16. Rf1 g6 17. Be1 cxd4 18. exd4 Bg7 19. Bh4 Nh5 (19... Ne4 $11 {remains equal.}) 20. Ne5 Qc7 21. g4 Nf6 22. Bxf6 Bxf6 23. g5 Bg7 24. Ng4 Qe7 25. Qf2 f5 26. Nh6+ (26. gxf6 $5 Bxf6 27. Re3 $14) 26... Kf8 27. Re1 Qd6 28. Rhe3 Re7 29. h4 Rae8 30. Kg2 b5 31. a3 a5 32. Kg3 b4 33. axb4 axb4 34. Qd2 Qb6 35. Qd3 Qc6 36. Ra1 ({Reject} 36. cxb4 Qb6 $17) 36... bxc3 37. bxc3 Qb7 38. Ra5 Qb2 39. Rb5 Qc1 40. Rb1 Qa3 41. Rbe1 Rc8 42. Kf3 $2 {[%emt 0:03:52] [#]} (42. Kg2 $11) 42... Rec7 ({Black should try} 42... Rb7 $1 $19 43. Rb1 Rbc7) 43. Qb5 Rxc3 44. Qd7 (44. Qb6 $15 R3c6 45. Rxa3 (45. Qb7 $2 Qe7 $19) 45... Rxb6 46. Ra4) 44... Qe7 45. Qxe7+ Kxe7 46. Rd1 R8c4 47. Ra1 $2 (47. Rxc3 Rxc3+ 48. Kg2) 47... Rxe3+ 48. Kxe3 Bxd4+ 0-1

[Event "Karnataka State Open-ch 2018"]
[Site "Bengaluru"]
[Date "2018.04.18"]
[Round "10"]
[White "Arvind, Ramnath Iyer"]
[Black "Kishan, Gangolli"]
[Result "1/2-1/2"]
[ECO "C01"]
[WhiteElo "1519"]
[BlackElo "1974"]
[Annotator "NA RC"]
[PlyCount "41"]
[EventDate "2018.??.??"]
[EventType "swiss"]
[EventCountry "IND"]
[SourceTitle "playchess.com"]
[Source "ChessBase"]
[SourceQuality "1"]
[TimeControl "5400+30"]

1. e4 e6 2. d4 d5 3. exd5 exd5 4. Nf3 Nc6 5. Bf4 Bd6 6. Bxd6 Qxd6 7. Bd3 Nge7 8. O-O Bg4 9. c3 b6 10. Nbd2 g5 (10... O-O $11 {keeps the balance.}) 11. Qa4 Bd7 12. Qc2 O-O-O 13. b4 $14 (13. Nxg5 $16 Qf6 14. Ngf3 (14. Nxh7 Qh6 $11)) 13... Ng6 14. b5 Nce7 15. c4 dxc4 16. Nxc4 Qf4 17. Rac1 Kb8 18. Rfe1 Bxb5 19. Nb2 Rd7 20. Bf5 Qxf5 21. Nd3 1/2-1/2